 Dungeon Crawl Stone Soup version 0.29.1-2-gbd0b4ee654 (webtiles) character file.

Game seed: 2625127956228666294

217 zeram the Sneak (level 5, -1/33 HPs)
             Began as an Octopode Enchanter on Nov 11, 2022.
             Slain by a black bear (3 damage)
             ... on level 4 of the Dungeon.
             The game lasted 00:07:59 (4768 turns).

zeram the Sneak (Octopode Enchanter)                Turns: 4768, Time: 00:08:00

Health: -1/33      AC:  1    Str:  7    XL:     5   Next: 94%
Magic:  2/8        EV: 14    Int: 19    God:
Gold:   107        SH:  0    Dex: 13    Spells: 1/9 levels left

rFire   . . .      SeeInvis +   f - +0 dagger (venom)
rCold   . . .      Faith    .   (no shield)
rNeg    . . .      Spirit   .   (helmet restricted)
rPois   .          Reflect  .   (no amulet)
rElec   .          Harm     .   j - ring of see invisible
rCorr   .          Rampage  .   m - ring of wizardry
Will    .....                   (no ring)
Stlth   ++++......              (no ring)
HPRegen 0.11/turn               (no ring)
MPRegen 0.11/turn               (no ring)
                                (no ring)
                                (no ring)

@: about to teleport
A: almost no armour, amphibious, 8 rings, camouflage 1, gelatinous body 1,
(nimble swimmer 1), tentacles
a: no special abilities


You were on level 4 of the Dungeon.
You visited 1 branch of the dungeon, and saw 4 of its levels.

You collected 149 gold pieces.
You spent 42 gold pieces at shops.

Inventory:

Hand Weapons
 a - a +1 dagger
 d - a +0 dagger of flaming
 f - a +0 dagger of venom (weapon)
Jewellery
 j - a ring of see invisible (left tentacle)
 m - a ring of wizardry (right tentacle)
Scrolls
 c - a scroll of identify
 e - a scroll of torment
 i - a scroll of enchant armour
 k - a scroll of blinking {unknown}
 l - 2 scrolls of noise {unknown}
Potions
 g - a potion of curing
 h - a potion of berserk rage
 n - a potion of mutation {unknown}
 o - a potion of invisibility


   Skills:
 + Level 1.2 Fighting
 + Level 2.5 Short Blades
 + Level 3.1 Dodging
 + Level 5.9 Stealth
 * Level 2.6 Spellcasting
 * Level 3.4 Hexes
 + Level 0.2 Ice Magic


You had one spell level left.
You knew the following spells:

 Your Spells              Type           Power      Damage    Failure   Level
a - Ensorcelled Hibernat  Hex/Ice        18%        N/A       4%          2
b - Tukima's Dance        Hex            15%        N/A       4%          3
c - Confusing Touch       Hex            15%        N/A       4%          3

Your spell library contained the following spells:

 Spells                   Type           Power      Damage    Failure   Level
 Dazzling Flash           Conj/Hex       18%        N/A       10%         3
 Portal Projectile        Hex/Tloc       18%        N/A       10%         3
 Call Canine Familiar     Summ           2%         N/A       19%         3
 Leda's Liquefaction      Hex/Erth       4%         N/A       30%         4


Dungeon Overview and Level Annotations

Branches:
Dungeon (4/15)
 Temple: D:4-7

Altars:

Shops:
D:2 ?


Innate Abilities, Weirdness & Mutations

You cannot wear most types of armour.
You are amphibious.
You can wear up to eight rings at the same time.
Your skin changes colour to match your surroundings (Stealth+).
Your rubbery body absorbs attacks. (AC +1, EV +1)
((You are camouflaged when in or above water. (Stealth+)))
You have tentacles for arms and can constrict up to eight enemies at once.


Message History

Confirm with . or Enter, or press ? or * to list all spells.
Aiming: Ensorcelled Hibernation (safe; 4% risk of failure)
Press: ? - help, Shift-Dir - straight line, f/p - black bear
Aim: a black bear (chance to affect: 43%)
The black bear resists with some effort.
The black bear misses you. The black bear claws you.
The black bear barely misses you.
Casting: Ensorcelled Hibernation (safe; 4% risk of failure)
Confirm with . or Enter, or press ? or * to list all spells.
You don't have enough magic to cast this spell.
Unknown command.
The black bear attacks as you move away!
The black bear misses you. The black bear claws you. x2
Casting: Ensorcelled Hibernation (safe; 4% risk of failure)
Confirm with . or Enter, or press ? or * to list all spells.
You don't have enough magic to cast this spell.
Unknown command.
The black bear completely misses you. The black bear barely misses you.
The black bear completely misses you. The black bear closely misses you.
The black bear completely misses you. The black bear misses you.
The black bear attacks as you move away!
The black bear misses you. x2; The black bear barely misses you.
The black bear attacks as you move away!
The black bear barely misses you. The black bear claws you. x2
The black bear attacks as you move away!
The black bear misses you. The black bear barely misses you.
The black bear claws you but does no damage.
The black bear attacks as you move away!
The black bear bites you. The black bear claws you. x2
* * * LOW HITPOINT WARNING * * *
As you read the scroll of teleportation, it crumbles to dust.
You feel strangely unstable. The black bear barely misses you.
The black bear claws you.
* * * LOW HITPOINT WARNING * * *
The black bear claws you.
* * * LOW HITPOINT WARNING * * *
The black bear attacks as you move away!
The black bear barely misses you. The black bear claws you.
You die...

#..###.## #........
#...##..## #.......#
....#....###........#
..>..###.....#.......##
#....# ##.####...###..#..
.....###.## ##...# #...##
.....##..# ##....###.....##
........####...............
.....###....# #.@#.......#
....## ###.## #.h.#>.....#
.... ##.###........# ..
##..###.......## .# .
#.#####....##........#.##.
#......####.............(.
##........................
#.#####....#..##.........
#. ##..##..#..........


You could see a black bear.

Vanquished Creatures
  A hound (D:4)
  2 orc wizards (D:3)
  Robin (D:2)
  6 adders
  A worm (D:2)
  A dart slug (D:1)
  2 orcs
  4 endoplasms
  2 giant cockroaches (D:1)
  15 goblins
  5 hobgoblins
  4 quokkas
  3 ball pythons
  8 bats
  4 frilled lizards
  9 kobolds
  2 rats
70 creatures vanquished.

Notes
Turn   | Place    | Note
-------+----------+-------------------------------------------
     0 | D:1      | zeram the Octopode Enchanter began the quest for the Orb.
     0 | D:1      | Reached XP level 1. HP: 11/11 MP: 3/3
   234 | D:1      | Reached XP level 2. HP: 12/17 MP: 5/5
   452 | D:1      | Learned a level 2 spell: Ensorcelled Hibernation
   955 | D:1      | Found a faded altar of an unknown god.
  1171 | D:2      | Found Busmuodoi's Magic Scroll Shoppe.
  1172 | D:2      | Noticed Robin
  1593 | D:1      | Reached XP level 3. HP: 3/21 MP: 6/6
  1907 | D:2      | Learned a level 3 spell: Tukima's Dance
  2457 | D:2      | Reached XP level 4. HP: 16/27 MP: 7/7
  3023 | D:2      | Killed Robin
  3024 | D:2      | Reached skill level 1 in Fighting
  3313 | D:2      | Bought a scroll of teleportation for 42 gold pieces
  3496 | D:2      | Reached skill level 5 in Stealth
  3794 | D:3      | Reached XP level 5. HP: 30/33 MP: 8/8
  3805 | D:3      | Learned a level 3 spell: Confusing Touch
  4736 | D:4      | Noticed a black bear
  4768 | D:4      | Slain by a black bear

Illustrated notes

Levels and vault maps discovered:
D:1:      lightli_arrival_lavapool, layout_rooms,
          shapermc_ecumenical_altar_acropolis
D:2:      minmay_chambers_of_twos, layout_basic, serial_shops,
          nicolae_shop_trees, uniq_robin
D:3:      layout_basic
D:4:      layout_layer_cave, mainiacjoe_overflow_alcove_2

Skill      XL: |  1  2  3  4  5 |
---------------+----------------+-----
Fighting       | 1 |  1.2
Short Blades   | 2 |  2.5
Stealth        | 5 |  5.9
Dodging        | 3 |  3.1
Spellcasting   | |  2.6
Hexes          | |  3.4
Ice Magic      | |  0.2

Action                   |  1- 3 |  4- 6 || total
-------------------------+-------+-------++-------
Melee: Dagger            |    70 |    87 ||   157
       Constrict         |    16 |    17 ||    33
       Tentacles         |    13 |    19 ||    32
       Punch             |       |     1 ||     1
 Cast: Ensorcelled Hiber |     5 |     4 ||     9
  Use: Scroll            |     2 |     5 ||     7
       Potion            |     2 |     4 ||     6
 Stab: Sleeping          |     7 |    11 ||    18
       Invisible         |     1 |     1 ||     2
       Distracted        |       |     1 ||     1
Armor: Skin              |     7 |     8 ||    15
Dodge: Dodged            |    42 |    64 ||   106
